 Dungeon Crawl Stone Soup version 0.22-a0-609-gfedc9ff (webtiles) character file.

1029 Hebeh the Magician (level 8, -2/45 HPs)
             Began as a Deep Elf Fire Elementalist on July 10, 2018.
             Was a Follower of Vehumet.
             Succumbed to an orc wizard's poison
             ... on level 5 of the Dungeon.
             The game lasted 00:36:54 (6088 turns).

Hebeh the Magician (Deep Elf Fire Elementalist)     Turns: 6088, Time: 00:36:54

Health: -2/45      AC:  5    Str:  5    XL:     8   Next: 3%
Magic:  15/20      EV: 13    Int: 23    God:    Vehumet [*.....]
Gold:   189        SH:  0    Dex: 15    Spells: 15/21 levels left

rFire    . . .     SeeInvis .   a - +2 dagger (venom)
rCold    + . .     Gourm    +   (no shield)
rNeg     . . .     Faith    .   g - +0 robe {rC+}
rPois    .         Spirit   .   x - +0 hat
rElec    .         Reflect  .   e - +2 cloak
rCorr    .         Harm     .   (no gloves)
MR       +....                  (no boots)
Stlth    ++........             q - amulet of the gourmand
HPRegen  0.15/turn              y - ring of protection from magic
MPRegen  0.17/turn              (no ring)

@: lethally poisoned (-2 -> -55)
A: no striking features
a: Renounce Religion


You were on level 5 of the Dungeon.
You worshipped Vehumet.
Vehumet was aware of your devotion.
You were completely stuffed.

You visited 2 branches of the dungeon, and saw 6 of its levels.

You collected 189 gold pieces.

Inventory:

Hand Weapons
 a - a +2 dagger of venom (weapon)
 b - a +0 hunting sling
 d - a +3 war axe
 v - a +0 short sword of holy wrath
Missiles
 k - 91 stones
 t - 6 tomahawks (quivered)
 w - 9 sling bullets
Armour
 e - a +2 cloak (worn)
 g - a +0 robe of cold resistance (worn)
 i - a +1 robe
 x - a +0 hat (worn)
Jewellery
 q - an amulet of the gourmand (around neck)
 y - a ring of protection from magic (left hand)
Wands
 z - a wand of flame (22)
Scrolls
 h - 3 scrolls of identify
 m - 2 scrolls of enchant armour
 n - a scroll of random uselessness {unknown}
 o - 5 scrolls of remove curse
 p - a scroll of magic mapping
 B - a scroll of fog {unknown}
 C - a scroll of teleportation
 D - 2 scrolls of amnesia {unknown}
Potions
 f - a potion of curing
 l - 2 potions of flight
 r - a potion of brilliance
 s - a potion of mutation {unknown}
 u - a potion of lignification {unknown}
 E - a potion of magic {unknown}
Comestibles
 c - 9 rations


   Skills:
 + Level 2.6 Fighting
 - Level 2.4 Dodging
 - Level 2.4 Stealth
 - Level 7.0 Spellcasting
 * Level 5.5 Conjurations
 * Level 6.3 Fire Magic


You had 15 spell levels left.
You knew the following spells:

 Your Spells              Type           Power        Failure   Level  Hunger
a - Flame Tongue          Conj/Fire      #####        1%          1    None
b - Throw Flame           Conj/Fire      #####.       1%          2    None
c - Conjure Flame         Conj/Fire      #####...     1%          3    None

Your spell library contained the following spells:

 Spells                   Type           Power        Failure   Level  Hunger
 Fireball                 Conj/Fire      #####.....   19%         5    #####..
 Sticky Flame             Conj/Fire      #####...     7%          4    ###....
 Inner Flame              Hex/Fire       ###.....     6%          3    None


Dungeon Overview and Level Annotations

Branches:
Dungeon (5/15)             Temple (1/1) D:4

Altars:
Elyvilon
Hepliaklqana
Kikubaaqudgha
Makhleb
Okawaru
Qazlal
Trog
Uskayaw
Vehumet
Xom

Shops:
D:4 (   D:5 :


Message History

* * * LOW HITPOINT WARNING * * *
You are more poisoned.
You miss something.
* * * LOW HITPOINT WARNING * * *
You feel very sick. Something hits you but does no damage.
You are more poisoned.
You miss something.
* * * LOW HITPOINT WARNING * * *
You feel very sick. Something hits you but does no damage.
You are more poisoned.
You hit something but do no damage.
* * * LOW HITPOINT WARNING * * *
You feel very sick.
You hear some strange, mumbled words.
A puff of flame appears from out of thin air!
The puff of flame misses you.
You closely miss something.
You die...

..........#....#.##
........###...#...#
..........#......##
####.............# ########
#######.......# ##......###
##.....)..# ##.........#
##.........# #..........#
##..........# ##..........#
#..........@####............
#.........≈.≈##.............
##.......≈≈.≈≈..............
#.......≈≈∩≈≈..............
##.....#≈≈§≈≈.............#
#.....##≈§≈...............
##...####>..............##
#### ##..#
##..............## ...###
##...###.............###


There were no monsters in sight!

Vanquished Creatures
  Duvessa (D:4)
  An ogre (D:5)
  Dowan (D:4)
  A scorpion (D:5)
  A howler monkey (D:3)
  3 crimson imps (D:5)
  2 hounds (D:4)
  A jelly (D:5)
  4 orc wizards
  2 bullfrog skeletons
  An orc priest (D:4)
  5 worker ants
  A river rat (D:3)
  4 adders
  2 adder skeletons (D:5)
  4 worms
  4 dart slugs
  5 leopard geckos
  11 orcs
  4 bats
  7 giant cockroaches
  8 goblins
  11 hobgoblins
  9 jackals
  2 quokkas
  2 ball pythons
  9 frilled lizards
  10 kobolds
  A leopard gecko skeleton (D:4)
  6 rats
123 creatures vanquished.

Notes
Turn   | Place    | Note
-------+----------+-------------------------------------------
     0 | D:1      | Hebeh the Deep Elf Fire Elementalist began the quest for the Orb.
     0 | D:1      | Reached XP level 1. HP: 10/10 MP: 6/6
   243 | D:1      | Reached XP level 2. HP: 15/15 MP: 0/8
   839 | D:1      | Reached XP level 3. HP: 20/20 MP: 8/10
   858 | D:1      | Learned a level 2 spell: Throw Flame
   862 | D:1      | Learned a level 3 spell: Conjure Flame
  1427 | D:2      | Reached skill level 4 in Spellcasting
  1782 | D:3      | Reached XP level 4. HP: 24/24 MP: 12/12
  2175 | D:3      | Reached skill level 1 in Fighting
  2417 | D:3      | Reached XP level 5. HP: 29/29 MP: 3/13
  3286 | D:4      | Found a burning altar of Makhleb.
  3319 | D:3      | Reached skill level 5 in Spellcasting
  3521 | D:4      | Reached XP level 6. HP: 29/34 MP: 4/15
  3651 | D:4      | Reached skill level 5 in Fire Magic
  3797 | D:4      | Found Egietuw's Antique Weapon Shop.
  3987 | D:4      | Noticed Duvessa
  3987 | D:4      | Noticed Dowan
  3995 | D:4      | Killed Duvessa
  4006 | D:4      | Killed Dowan
  4006 | D:4      | Reached skill level 6 in Spellcasting
  4006 | D:4      | Reached XP level 7. HP: 12/39 MP: 1/18
  4157 | D:4      | Found a staircase to the Ecumenical Temple.
  4173 | Temple   | Entered the Ecumenical Temple
  4242 | Temple   | Became a worshipper of Vehumet
  4662 | D:5      | Entered Level 5 of the Dungeon
  5248 | D:5      | Reached skill level 5 in Conjurations
  5499 | D:5      | Reached skill level 7 in Spellcasting
  5502 | D:5      | Reached * piety under Vehumet
  5502 | D:5      | Offered knowledge of Magic Dart by Vehumet.
  5869 | D:5      | Reached XP level 8. HP: 45/45 MP: 15/20
  5948 | D:5      | Found Hiekk's Book Shoppe.
  6087 | D:5      | HP: 2/45 [poisoned by an orc wizard]
  6088 | D:5      | Succumbed to an orc wizard's poison

Vault maps used:
D:1:      eino_arrival_druids_welcome
D:3:      portal_sewer_entry_e
D:4:      minmay_temple_entry_glassed_door, serial_shops, shop, minivault_27,
          lemuel_tele_altar, uniq_duvessa
D:5:      serial_shops, nicolae_shop_waterfront, first_ration
Temple:   dpeg_five_rooms_temple

Skill      XL: |  1  2  3  4  5  6  7 |
---------------+----------------------+-----
Conjurations   | 2 3 4 5 |  5.5
Spellcasting   | 4 5 6 7 |  7.0
Fire Magic     | 4 5 6 |  6.3
Fighting       | 1 2 |  2.6
Dodging        | |  2.4
Stealth        | |  2.4

Action                   |  1- 3 |  4- 6 |  7- 9 || total
-------------------------+-------+-------+-------++-------
Melee: Unarmed           |     1 |       |       ||     1
       Dagger            |       |       |    69 ||    69
 Fire: Hunting sling     |    41 |    30 |       ||    71
Throw: Stone             |     4 |       |       ||     4
       Tomahawk          |       |     3 |       ||     3
 Cast: Flame Tongue      |    71 |   110 |    39 ||   220
       Conjure Flame     |       |     1 |       ||     1
       Throw Flame       |       |    11 |    35 ||    46
  Use: Scroll            |       |    10 |       ||    10
       Potion            |       |       |     1 ||     1
  Eat: Chunk             |     2 |    13 |     6 ||    21
       Ration            |       |     1 |       ||     1
Armor: Robe              |     5 |    18 |    28 ||    51
Dodge: Dodged            |    14 |    39 |    34 ||    87

Table legend:
 A = Spawn XP
 B = Non-spawn XP
 C = Spawn XP percentage of total XP
 D = Spawn monster count
 E = Non-spawn monster count
 F = Spawn count percentage of total count
 G = Total turns spent on level
                    A         B        C        D         E        F      G
               +---------+---------+-------+---------+---------+-------+---------
         Total |       0 |    1470 |   0.0 |       0 |     123 |   0.0 |  6088
               +---------+---------+-------+---------+---------+-------+---------
           D:1 |       0 |      46 |   0.0 |       0 |      24 |   0.0 |   957
           D:2 |       0 |      35 |   0.0 |       0 |      18 |   0.0 |   773
           D:3 |       0 |     221 |   0.0 |       0 |      38 |   0.0 |  1517
           D:4 |       0 |     528 |   0.0 |       0 |      17 |   0.0 |  1296
           D:5 |       0 |     640 |   0.0 |       0 |      26 |   0.0 |  1426
               +---------+---------+-------+---------+---------+-------+---------
